 Dungeon Crawl Stone Soup version 0.29.1-15-g9cfb28693d (webtiles) character file.

Game seed: 15906341846051886743

1002 GeoRichter the Zephyrmancer (level 8, -9/46 HPs)
             Began as an Octopode Air Elementalist on Mar 19, 2023.
             Was an Initiate of Gozag.
             Mangled by an orc warrior
             ... wielding a +0 short sword
              (10 damage)
             ... on level 6 of the Dungeon.
             The game lasted 00:09:47 (7281 turns).

GeoRichter the Zephyrmancer (OpAE)                  Turns: 7281, Time: 00:09:47

Health: -9/46      AC:  1    Str:  7    XL:     8   Next: 20%
Magic:  6/15       EV: 13    Int: 19    God:    Gozag
Gold:   482        SH:  0    Dex: 11    Spells: 14/17 levels left

rFire   . . .      SeeInvis .   (no weapon)
rCold   . . .      Faith    .   (no shield)
rNeg    . . .      Spirit   .   (helmet restricted)
rPois   .          Reflect  .   (no amulet)
rElec   .          Harm     .   (no ring)
rCorr   .          Rampage  .   (no ring)
Will    .....      Clarity  +   (no ring)
Stlth   +++.......              (no ring)
HPRegen 0.15/turn               (no ring)
MPRegen 0.14/turn               (no ring)
                                (no ring)
                                (no ring)

@: no status effects
A: almost no armour, amphibious, 8 rings, camouflage 1, gelatinous body 1,
(nimble swimmer 1), tentacles, clarity, clumsy 1
a: Renounce Religion, Potion Petition, Call Merchant, Bribe Branch


You were on level 6 of the Dungeon.
You worshipped Gozag.
Gozag was aware of your devotion.
You visited 1 branch of the dungeon, and saw 7 of its levels.

You collected 618 gold pieces.
You spent 52 gold pieces at shops.
You paid 84 gold pieces to Gozag.

Inventory:

Armour
 c - a +3 kite shield
   (You found it on level 1 of the Dungeon)
Jewellery
 m - a ring of ice
   (You found it on level 4 of the Dungeon)
Scrolls
 b - 4 scrolls of teleportation {@r4}
 h - a scroll of enchant weapon
 k - 2 scrolls of immolation {!r}
 n - 2 scrolls of magic mapping
 t - a scroll of enchant armour
Potions
 a - 2 potions of magic
 d - a potion of resistance
 e - 2 potions of berserk rage
 f - a potion of lignification {unknown}
 i - a potion of might {unknown}
 j - a potion of ambrosia
 o - a potion of flight {unknown}
 p - 2 potions of mutation {!q}
 q - a potion of degeneration {unknown}


   Skills:
 - Level 2.0 Dodging
 - Level 4.0 Stealth
 + Level 5.0 Spellcasting
 - Level 1.0 Conjurations
 * Level 8.0 Air Magic


You had 14 spell levels left.
You knew the following spells:

 Your Spells              Type           Power      Damage    Failure   Level
a - Shock                 Conj/Air       88%        1d8       1%          1
b - Static Discharge      Conj/Air       22%        3-6/arc   3%          2

Your spell library contained the following spells:

 Spells                   Type           Power      Damage    Failure   Level
 Swiftness                Air            35%        N/A       1%          3
 Airstrike                Air            17%        2d(3-19)  4%          4
 Blink                    Tloc           8%         N/A       19%         2
 Summon Lightning Spire   Summ/Air       20%        N/A       24%         4
 Lesser Beckoning         Tloc           4%         N/A       36%         3
 Manifold Assault         Tloc           4%         N/A       98%         5
 Storm Form               Tmut/Air       10%        N/A       100%        7
 Maxwell's Capacitive Co  Air            17%        ∞         100%        8


Dungeon Overview and Level Annotations

Branches:
Dungeon (7/15) Zot: 26990  Temple (0/1) D:4

Altars:
Ashenzari
Dithmenos
Elyvilon
Gozag
Ru
Trog
Yredelemnul
Zin
The Shining One
Lugonu

Shops:
D:2 ?   D:3 [[:

Portals:
Abyss: D:6

Annotations:
D:5 exclusions: adder and ogre
D:6 2 runed translucent doors


Innate Abilities, Weirdness & Mutations

You cannot wear most types of armour.
You are amphibious.
You can wear up to eight rings at the same time.
Your skin changes colour to match your surroundings (Stealth+).
Your rubbery body absorbs attacks. (AC +1, EV +1)
((You are camouflaged when in or above water. (Stealth+)))
You have tentacles for arms and can constrict up to eight enemies at once.
You possess an exceptional clarity of mind.
You are clumsy. (Dex -2)


Message History

The floor.
Could not explore, unopened runed door.
Could not explore, unopened runed door.
There is an open door here.
There is a stone staircase leading down here.
You climb downwards.
Found 4 stones.
Found a stone staircase leading down.
There is a stone staircase leading up here.
The orc priest is struck by an arc of lightning.
The orc priest shouts!
You are struck by an arc of lightning.
The lightning grounds out.
The orc warrior shouts!
The orc wizard shouts!
The orc priest hits you with a +0 whip.
The orc priest is struck by an arc of lightning!
The orc warrior is struck by an arc of lightning!
The lightning grounds out.
An orc comes into view. It is wielding a +0 club.
The orc priest invokes the aid of Beogh against you.
Beogh smites you!
The orc priest is struck by an arc of lightning.
You kill the orc priest!
The orc warrior is struck by an arc of lightning.
You are struck by an arc of lightning.
The lightning grounds out.
The orc warrior completely misses you.
Your Air Magic skill increases to level 8!
The orc warrior is struck by an arc of lightning.
You are struck by an arc of lightning.
The lightning grounds out.
The orc warrior hits you with a +0 short sword!
* * * LOW HITPOINT WARNING * * *
The orc warrior misses you.
You climb upwards.
Level annotation: 2 runed translucent doors
There is a stone staircase leading down here.
The orc warrior is struck by an arc of lightning.
You are struck by an arc of lightning.
* * * LOW HITPOINT WARNING * * *
The orc warrior is struck by an arc of lightning.
The lightning grounds out.
The orc warrior hits you with a +0 short sword!
* * * LOW HITPOINT WARNING * * *
Okay, then.
Okay, then.
Unknown command.
You aren't carrying any items that you can evoke.
Unknown command.
It was a potion of mutation.
You feel extremely strange.
You feel clumsy.
Your thoughts seem clearer.
The orc warrior hits you with a +0 short sword!
You die...
Your body crumbles into a pile of gold.

##.#.............##.# #.#####
...##...###########.# ####.#####
######.## #.# #........# #.# #.#
#.##...... #.# #.# #.##.###.#
##'## #.# #.##.###.# ##...## #.#
#.##.....# ##.....## ####.#
#.##.###.# ##.......## ##@##.##
#.##.##..#
##.........####o..#..###.........
.'.........'.....(...............
##.........####...##..#######....
##.#++#..## ##.###..# #...#
###KK#### #......# #.#.# #.....
#..###.# ##.#.# ....K..# #..# #.#
#....# ##..._...# #..###.# #..###


You could see an orc warrior.

Vanquished Creatures
  A water moccasin (D:6)
  2 ice beasts (D:6)
  An ogre (D:6)
  A bullfrog (D:6)
  3 scorpions
  A hound (D:5)
  2 orc priests
  2 iguanas (D:6)
  An orc wizard (D:6)
  Natasha (thrice) (D:3)
  6 adders
  A worm (D:2)
  A dart slug (D:4)
  5 orcs
  8 ball pythons
  8 bats
  8 endoplasms
  A giant cockroach (D:1)
  11 goblins
  6 hobgoblins
  12 jackals
  3 quokkas
  2 frilled lizards
  7 kobolds
  5 rats
101 creatures vanquished.

Vanquished Creatures (others)
  A plant (D:4)
1 creature vanquished.

Grand Total: 102 creatures vanquished

Notes
Turn   | Place    | Note
-------+----------+-------------------------------------------
     0 | D:1      | GeoRichter the Octopode Air Elementalist began the quest
                  | for the Orb.
     0 | D:1      | Reached XP level 1. HP: 11/11 MP: 3/3
   280 | D:1      | Reached XP level 2. HP: 14/17 MP: 0/5
   970 | D:1      | Reached XP level 3. HP: 21/21 MP: 0/6
  1529 | D:2      | Found Qiasosef's Magic Scroll Shoppe.
  1663 | D:2      | Bought 2 scrolls of identify for 52 gold pieces
  2135 | D:2      | Reached XP level 4. HP: 27/27 MP: 5/7
  2230 | D:2      | Reached skill level 4 in Air Magic
  2534 | D:4      | Found a bloodstained altar of Trog.
  2557 | D:4      | Found a shadowy altar of Dithmenos.
  2674 | D:4      | Found an opulent altar of Gozag.
  2723 | D:4      | Became a worshipper of Gozag Ym Sagoz the Greedy
  2848 | D:4      | Found a staircase to the Ecumenical Temple.
  3117 | D:4      | Found a basalt altar of Yredelemnul.
  3368 | D:3      | Found Xoilo's Antique Armour Shop.
  3394 | D:3      | Found Zonazxagg's Armour Shop.
  3480 | D:3      | Found Naepue's Book Boutique.
  3482 | D:3      | Reached XP level 5. HP: 31/31 MP: 7/9
  3502 | D:3      | Noticed Natasha
  3507 | D:3      | Learned a level 2 spell: Static Discharge
  3511 | D:3      | Killed Natasha
  3712 | D:3      | Noticed Natasha
  3721 | D:3      | Killed Natasha
  3839 | D:3      | Found a white marble altar of Elyvilon.
  4009 | D:3      | Reached skill level 5 in Air Magic
  4271 | D:3      | Noticed Natasha
  4279 | D:3      | Killed Natasha
  4549 | D:5      | Entered Level 5 of the Dungeon
  4549 | D:5      | Noticed an ogre
  4584 | D:5      | Reached XP level 6. HP: 35/36 MP: 2/11
  5175 | D:5      | Found a glowing golden altar of the Shining One.
  5394 | D:6      | Reached skill level 6 in Air Magic
  5745 | D:6      | Noticed an ice beast
  5751 | D:6      | Killed an ice beast
  5752 | D:6      | Reached XP level 7. HP: 33/41 MP: 3/13
  5866 | D:6      | Found a sacrificial altar of Ru.
  5977 | D:6      | Found a glowing silver altar of Zin.
  6393 | D:6      | Reached skill level 7 in Air Magic
  6624 | D:6      | Reached XP level 8. HP: 46/46 MP: 9/15
  6743 | D:6      | Found a one-way gate to the infinite horrors of the Abyss.
  6782 | D:6      | Found a large runed translucent door.
  6782 | D:6      | Found a large runed translucent door.
  6885 | D:6      | Reached skill level 5 in Spellcasting
  7030 | D:6      | Found a corrupted altar of Lugonu.
  7089 | D:6      | Found a broken altar of Ashenzari.
  7277 | D:7      | Reached skill level 8 in Air Magic
  7280 | D:6      | HP: 1/46 [orc warrior/+0 short sword (9)]
  7281 | D:6      | Gained mutation: You are clumsy. (Dex -2) [potion of
                  | mutation]
  7281 | D:6      | Gained mutation: You possess an exceptional clarity of
                  | mind. [potion of mutation]
  7281 | D:6      | Mangled by an orc warrior

Illustrated notes

Levels and vault maps discovered:
D:1:      wander_arrival_lonely_grave, layout_basic
D:2:      minmay_evil_eye, layout_basic, serial_shops,
          nicolae_shop_temple_entry_statues_fountains, st_stairs_3,
          minmay_bisected
D:3:      layout_loops_ring, mainiacjoe_overflow_small_starburst, serial_shops,
          nicolae_shop_crystal, shop, nicolae_square_shop, uniq_natasha
D:4:      layout_cave_pools, overflow_temple_1_default,
          grunt_temple_overflow_open, lemuel_coloured_pillars_altar,
          minmay_temple_entry_fiery, serial_column_ruins,
          column_ruins_open_tiny_water, column_ruins_corridor_dead_end,
          column_ruins_corridor_corner, column_ruins_grid_4,
          column_ruins_columns_plus, guppyfry_early_lair_pool
D:5:      layout_cave_pools, tso_altar, serial_column_ruins, column_ruins_hut,
          column_ruins_corridor_dead_end, column_ruins_columns_T,
          column_ruins_open_small, column_ruins_open_small_water
D:6:      due_chaos_kobolds, layout_loops_corners, general_overflow_altar,
          mainiacjoe_overflow_surrounded_room, ashenzari_conservatory_becter
D:7:      layout_rooms, minmay_liquid_box, kb_rosetta, uniq_crazy_yiuf_cottage,
          uniq_maggie

Skill      XL: |  1  2  3  4  5  6  7  8 |
---------------+-------------------------+-----
Stealth        | 3 4 |  4.0
Air Magic      | 4 5 6 7 8 |  8.0
Spellcasting   | 3 4 5 |  5.0
Dodging        | |  2.0
Conjurations   | |  1.0

Action                   |  1- 3 |  4- 6 |  7- 9 || total
-------------------------+-------+-------+-------++-------
Melee: Unarmed           |    34 |    12 |       ||    46
       Constrict         |    10 |     2 |       ||    12
       Tentacles         |     8 |     3 |       ||    11
       Punch             |     1 |       |       ||     1
 Cast: Shock             |    91 |   114 |    19 ||   224
       Static Discharge  |       |    15 |    15 ||    30
  Use: Scroll            |     3 |    10 |       ||    13
       Potion            |       |     1 |     1 ||     2
 Stab: Sleeping          |     1 |     1 |       ||     2
Armor: Skin              |     5 |       |     1 ||     6
Dodge: Dodged            |    38 |    32 |     4 ||    74
